 Dungeon Crawl Stone Soup version bcrawl-1.37.2 (webtiles) character file.

Game seed: 15282818525191664175

211534 Mehrunes the Insei (level 8, -5/50 HPs)
             Began as an Octopode Transmuter on Nov 16, 2022.
             Was an Initiate of Cheibriados.
             Shot with an arrow by a centaur (14 damage)
             ... on level 6 of the Dungeon.
             The game lasted 00:11:43 (6250 turns).

Mehrunes the Insei (Octopode Transmuter)            Turns: 6250, Time: 00:11:44

Health: -5/50      AC:  2    Str:  7 (10) XL:     8   Next: 77%
Magic:  12/12      EV: 20    Int: 15 (18) God:    Cheibriados [......]
Gold:   319        SH:  0    Dex: 18 (19) Spells: 3/13 levels left

rFire    . . .     GDR:     29%   - Fangs (venom) (11.2)
rCold    . . .     SeeInvis .   (shield currently unavailable)
rNeg     . . .     Gourm    .   (helmet currently unavailable)
rPois    x         Faith    .   (cloak currently unavailable)
rElec    .         Spirit   .   (no amulet)
rCorr    .         Reflect  .   (no ring)
MR       .....                  (no ring)
Stlth    +.........             (no ring)
HPRegen  0.18/turn              (no ring)
MPRegen  0.13/turn              (no ring)
                                (no ring)
                                (no ring)
                                (no ring)

@: confused, spider-form, invisible, very slow
A: tiny, almost no armour, stealthy swim, resist paralysis, (amphibious), 8
rings, (constrict 8)
a: End Transformation, Bend Time, Renounce Religion


You were on level 6 of the Dungeon.
You worshipped Cheibriados.
Cheibriados was noncommittal.
You were hungry.
You were a venomous arachnid creature.
You visited 2 branches of the dungeon, and saw 7 of its levels.

You collected 319 gold pieces.

Inventory:

Missiles
 a - 1333 arrows
Wands
 u - a wand of random effects (4)
 v - a wand of scattershot (6)
Scrolls
 b - a scroll of immolation
 d - 2 scrolls of fog
 f - a scroll of enchant armour
 g - 2 scrolls of amnesia
 j - 2 scrolls of enchant weapon
 l - 2 scrolls of remove curse
 q - a scroll of magic mapping
 t - 2 scrolls of noise
Potions
 h - a potion of haste
 m - 2 potions of might
 n - a potion of agility
 o - a potion of degeneration
 r - a potion of resistance {unknown}
 s - a potion of mutation {unknown}
 w - a potion of brilliance {unknown}
Comestibles
 e - 10 rations {!d}


   Skills:
 - Level 1.9 Fighting
 - Level 2.3 Dodging
 + Level 7.0 Unarmed Combat
 - Level 3.0 Spellcasting
 + Level 7.0 Transmutations
 - Level 3.0 Ice Magic
 - Level 2.0 Poison Magic


You had 3 spell levels left.
You knew the following spells:

 Your Spells              Type           Power        Failure   Level  Hunger
a - Beastly Appendage     Tmut           ###...       5%          1    None
b - Sticks to Snakes      Tmut           ###.....     7%          2    #......
c - Spider Form           Tmut/Pois      ###          24%         3    ####...
d - Ice Form              Ice/Tmut       ###.....     47%         4    #####..

Your spell library contained the following spells:

 Spells                   Type           Power        Failure   Level  Hunger
 Passwall                 Tmut/Erth      ##......     19%         2    #......
 Blade Hands              Tmut           ###.......   52%         5    ######.


Dungeon Overview and Level Annotations

Branches:
Dungeon (6/12)             Temple (1/1) D:6

Altars:
Ashenzari
Cheibriados
Elyvilon
Fedhas
Hepliaklqana
Kikubaaqudgha
Lugonu
Makhleb
Nemelex Xobeh
Okawaru
Qazlal
Ru
Sif Muna
Trog
Uskayaw
Vehumet
Wu Jian
Xom
Yredelemnul
The Shining One

Shops:
D:5 (   D:6 :


Innate Abilities, Weirdness & Mutations

You cannot wear most types of armour.
You are very stealthy in the water. (Stealth+)
Your unusual nervous system resists paralysis.
((You are amphibious.))
You can wear up to eight rings at the same time.
((You can use your tentacles to constrict eight enemies at once.))
((Your skin changes colour to match your surroundings (Stealth+).))
((Your rubbery body absorbs attacks. (AC +1, EV +1)))


Message History

The arrow closely misses you.
Your ball python closely misses the centaur.
It was a potion of ambrosia.
You are confused.
You feel invigorated.
The centaur shoots an arrow.
The arrow barely misses your ball python.
The arrow hits your adder!
Your adder dies!
Your ball python closely misses the centaur.
The centaur shoots an arrow.
The arrow hits your ball python!
Your ball python dies!
Your adder bites the centaur.
The centaur is poisoned.
Your adder poisons the centaur!
The centaur shoots an arrow.
The arrow hits you.
* * * LOW HITPOINT WARNING * * *
Your adder bites the centaur.
It was a potion of invisibility.
You fade into invisibility!
The centaur shoots an arrow.
The arrow hits you!
You die...

#.##......#..#.#.#.....##*,,,,,
#<####..................#*,****
#.............#.8.#.....#*,**,,
#.(.....#...#.......#...#*+**,,
#.......#.#...8.>.8...#.#,,,,,,
##.....##...#.......#...#,,,,,*
#.....##.#...#.8)#.....#,<,,,*
#.....##.###........##.#*'****
#.....##.# #.s#.#......##.# *
#.....##.#*#..............##**
#.....##.#.....#............,,
#######*+#........###.###.##**
*,,..cS.......#*..#*,#
*⌠.⌠..........#*#.#*,*
#.∩..########.# *..*,****
#⌠.⌠.** **.#**#.#,,,,,
#....,******,,,,,,.#,,,,,


You could see a centaur and a friendly adder.

Vanquished Creatures
  A black bear (D:6)
  A sky beast (D:4)
  2 ogres (D:5)
  A kobold brigand (D:6)
  A bullfrog (D:6)
  2 centaurs (D:5)
  A scorpion (D:6)
  3 wights (D:6)
  4 crimson imps
  A jelly (D:5)
  A hound (D:6)
  2 orc wizards
  5 worker ants
  9 adders
  A shadow imp (D:6)
  6 worms
  3 dart slugs
  4 leopard geckos
  13 orcs
  2 giant cockroaches
  7 goblins
  6 hobgoblins
  2 jackals (D:2)
  2 quokkas (D:3)
  2 ball pythons
  6 bats
  7 frilled lizards
  A jackal skeleton (D:5)
  5 kobolds
  5 rats
106 creatures vanquished.

Vanquished Creatures (collateral kills)
  An ogre (D:6)
  An iguana (D:4)
  A worm (D:2)
  An orc (D:3)
  A giant cockroach (D:3)
5 creatures vanquished.

Grand Total: 111 creatures vanquished

Notes
Turn   | Place    | Note
-------+----------+-------------------------------------------
     0 | D:1      | Mehrunes the Octopode Transmuter began the quest for the
                  | Orb.
     0 | D:1      | Reached XP level 1. HP: 13/13 MP: 3/3
   197 | D:1      | Reached XP level 2. HP: 17/18 MP: 5/5
   888 | D:2      | Learned a level 2 spell: Sticks to Snakes
   968 | D:2      | Reached XP level 3. HP: 23/23 MP: 4/6
  1423 | D:2      | Reached XP level 4. HP: 26/29 MP: 4/7
  1857 | D:2      | Learned a level 3 spell: Spider Form
  2049 | D:3      | Noticed a centaur
  2230 | D:3      | Reached XP level 5. HP: 22/34 MP: 9/9
  2997 | D:4      | Reached XP level 6. HP: 18/39 MP: 8/10
  3163 | D:4      | Reached skill level 1 in Poison Magic
  3486 | D:4      | Noticed a sky beast
  3501 | D:4      | Killed a sky beast
  3502 | D:4      | Reached XP level 7. HP: 33/44 MP: 8/11
  3707 | D:4      | Reached skill level 5 in Unarmed Combat
  4078 | D:4      | Found a sacrificial altar of Ru.
  4184 | D:4      | Learned a level 4 spell: Ice Form
  4185 | D:5      | Entered Level 5 of the Dungeon
  4280 | D:5      | Reached skill level 5 in Transmutations
  4897 | D:5      | Reached XP level 8. HP: 41/50 MP: 12/12
  5089 | D:5      | Found Miymp's Weapon Shoppe.
  5391 | D:6      | Reached skill level 1 in Ice Magic
  5491 | D:6      | Found a staircase to the Ecumenical Temple.
  5740 | Temple   | Entered the Ecumenical Temple
  6180 | Temple   | Became a worshipper of Cheibriados the Contemplative
  6236 | D:6      | Found Ydion's Book Boutique.
  6250 | D:6      | Shot with an arrow by a centaur

Skill      XL: |  1  2  3  4  5  6  7  8 |
---------------+-------------------------+-----
Transmutations | 3 4 6 7 |  7.0
Spellcasting   | 3 |  3.0
Unarmed Combat | 4 6 7 |  7.0
Poison Magic   | 2 |  2.0
Ice Magic      | 3 |  3.0
Fighting       | |  1.9
Dodging        | |  2.3

Action                   |  1- 3 |  4- 6 |  7- 9 || total
-------------------------+-------+-------+-------++-------
Melee: Unarmed           |    73 |   129 |   128 ||   330
       Constrict         |    17 |    28 |     5 ||    50
       Tentacles         |     9 |    24 |     4 ||    37
       Kick              |     2 |    15 |     2 ||    19
       Punch             |     4 |     5 |     2 ||    11
 Cast: Beastly Appendage |     3 |    18 |     3 ||    24
       Sticks to Snakes  |     4 |     6 |    11 ||    21
       Spider Form       |       |     2 |     6 ||     8
       Ice Form          |       |       |     1 ||     1
 Abil: End Transformatio |       |       |     2 ||     2
  Use: Potion            |       |     2 |     7 ||     9
       Scroll            |       |       |     9 ||     9
 Stab: Sleeping          |     8 |     2 |     2 ||    12
       Paralysed         |       |       |     1 ||     1
  Eat: Chunk             |     3 |    11 |    12 ||    26
Armor: Skin              |     5 |    16 |     2 ||    23
Dodge: Dodged            |    25 |    63 |    91 ||   179
